 Dungeon Crawl Stone Soup version 0.29-a0-322-g68df515428 (webtiles) character file.

Game seed: 6434059961344387742

11099 kae the Destroyer (level 11, -7/64 HPs)
             Began as a Tengu Fire Elementalist on Apr 7, 2022.
             Was an Elder of Sif Muna.
             Mangled by a two-headed ogre
             ... wielding a +0 giant spiked club
              (36 damage)
             ... on level 10 of the Dungeon.
             The game lasted 00:12:31 (15593 turns).

kae the Destroyer (Tengu Fire Elementalist)        Turns: 15593, Time: 00:12:32

Health: -7/64      AC:  9    Str: 15    XL:     11   Next: 72%
Magic:  0/26       EV: 17    Int: 25    God:    Sif Muna [****..]
Gold:   468        SH:  6    Dex: 15    Spells: 9/22 levels left

rFire   . . .      SeeInvis .   h - staff of conjuration
rCold   . . .      Faith    .   m - +1 buckler
rNeg    . . .      Spirit   +   l - +4 moon troll leather armour {Spirit, Regen++ MP+5}
rPois   .          Reflect  .   (helmet restricted)
rElec   .          Harm     .   (no cloak)
rCorr   .          Rampage  .   (no gloves)
Will    .....                   (boots unavailable)
Stlth   ++........              (no amulet)
HPRegen 1.80/turn               c - +6 ring of strength
MPRegen 0.20/turn               w - +6 ring of intelligence

@: flying quickly and evasively, quick
A: beak, talons 3, nimble flight
a: Renounce Religion, Channel Magic, Forget Spell, Divine Exegesis


You were on level 10 of the Dungeon.
You worshipped Sif Muna.
Sif Muna was greatly pleased with you.
You visited 2 branches of the dungeon, and saw 11 of its levels.

You collected 721 gold pieces.
You spent 253 gold pieces at shops.

Inventory:

Missiles
 A - 2 throwing nets
Armour
 a - a +0 robe
 l - the +4 moon troll leather armour (worn) {Spirit, Regen++ MP+5}
   (You found it on level 3 of the Dungeon)

   MP:        It affects your magic capacity (+5).
   Regen:     It increases your rate of health regeneration.
 m - a +1 buckler (worn)
Magical Staves
 h - a staff of conjuration (weapon)
Jewellery
 c - a +6 ring of strength (left hand)
 u - the amulet "Abiene" {Faith Rampage Int+4}
   (You took it off an orc on level 7 of the Dungeon)

   [amulet of faith]

   It allows you to gain divine favour quickly.
   Int:       It affects your intelligence (+4).
   Rampage:   It bestows one free step when moving towards enemies.
 v - an amulet of faith
 w - a +6 ring of intelligence (right hand)
 C - a ring of positive energy
Wands
 t - a wand of iceblast (9)
 y - a wand of mindburst (14)
 D - a wand of paralysis (9)
 E - a wand of flame (9)
Scrolls
 n - 2 scrolls of enchant armour
 p - a scroll of teleportation
 r - 2 scrolls of enchant weapon
 s - a scroll of magic mapping
Potions
 b - a potion of magic
 d - 5 potions of mutation
 e - 5 potions of cancellation
 f - 6 potions of degeneration
 g - a potion of attraction
 i - 5 potions of haste
 j - 7 potions of flight
 k - 2 potions of curing
 o - 2 potions of invisibility
 z - a potion of might
 B - a potion of brilliance {unknown}
 F - a potion of lignification {unknown}


   Skills:
 + Level 6.3 Fighting
 + Level 6.2 Staves
 + Level 6.9 Armour
 + Level 7.3 Dodging
 - Level 2.0 Stealth
 - Level 4.0 Shields
 + Level 6.4 Spellcasting
 + Level 8.4 Conjurations
 + Level 7.6 Fire Magic
 + Level 0.5 Invocations
 + Level 5.7 Evocations


You had 9 spell levels left.
You knew the following spells:

 Your Spells              Type           Power      Damage    Failure   Level
a - Foxfire               Conj/Fire      100%       2x1d9     1%          1
b - Scorch                Fire           92%        2d10      1%          2
c - Conjure Flame         Conj/Fire      64%        6-21      1%          3
d - Inner Flame           Hex/Fire       27%        N/A       7%          3
e - Flame Wave            Conj/Fire      64%        2d12      4%          4

Your spell library contained the following spells:

 Spells                   Type           Power      Damage    Failure   Level
 Shock                    Conj/Air       100%       1d9       1%          1
 Stone Arrow              Conj/Erth      86%        3d12      6%          3
 Freeze                   Ice            32%        1d5       11%         1
 Sandblast                Erth           16%        2d6       11%         1
 Corpse Rot               Necr/Air       16%        N/A       17%         2
 Passwall                 Tmut/Erth      6%         N/A       17%         2
 Poisonous Vapours        Pois/Air       16%        N/A       17%         2
 Hailstorm                Conj/Ice       43%        3d10      21%         4
 Frozen Ramparts          Ice            16%        1d3       32%         3
 Swiftness                Air            8%         N/A       32%         3
 Tukima's Dance           Hex            8%         N/A       32%         3
 Airstrike                Air            4%         N/A       73%         4
 Anguish                  Hex/Necr       4%         N/A       73%         4
 Animate Armour           Summ/Erth      16%        N/A       73%         4
 Ice Form                 Ice/Tmut       8%         N/A       73%         4
 Summon Ice Beast         Ice/Summ       8%         N/A       73%         4
 Enfeeble                 Hex            4%         N/A       100%        7
 Lehudib's Crystal Spear  Conj/Erth      21%        10d6      100%        8


Dungeon Overview and Level Annotations

Branches:
Dungeon (10/15)            Temple (1/1) D:5             Orc (0/2) D:10
   Lair: D:8-11

Altars:
Ashenzari
Cheibriados
Dithmenos
Elyvilon
Fedhas
Gozag
Hepliaklqana
Kikubaaqudgha
Makhleb
Nemelex Xobeh
Okawaru
Qazlal
Ru
Sif Muna
Trog
Uskayaw
Vehumet
Wu Jian
Xom
Yredelemnul
Zin
The Shining One

Shops:
D:4 ?   D:5 *   D:9 =

Annotations:
D:9 6 transporters
D:10 2 transporters, PeterMcNeter's ghost, journeyman GrFi


Innate Abilities, Weirdness & Mutations

You have a beak for a mouth.
You have claws for feet.
Your magical nature lets you fly swiftly and evasively.


Message History

Deactivating autopickup; reactivate with Ctrl-A.
A puff of flame appears from out of thin air!
The puff of flame hits you.
Casting: Foxfire (safe; 1% risk of failure)
Confirm with . or Enter, or press ? or * to list all spells.
You feel a surge of power!
The fire begins to smoulder!
An orc zombie comes into view.
The fire ignites!
There is a staircase to the Orcish Mines here.
There are monsters nearby!
Casting: Conjure Flame (safe; 1% risk of failure)
Confirm with . or Enter, or press ? or * to list all spells.
Flames lash the two-headed ogre.
The two-headed ogre is heavily wounded.
The two-headed ogre's fire resistance burns away.
The two-headed ogre misses you.
The two-headed ogre hits you with a +0 giant spiked club.
Casting: Scorch (safe; 1% risk of failure)
Confirm with . or Enter, or press ? or * to list all spells.
Flames lash the orc zombie.
You destroy the orc zombie!
Sif Muna accepts your kill.
You hear a bellow!
The two-headed ogre closely misses you.
The two-headed ogre hits you with a +0 giant spiked club!!
You hit the two-headed ogre.
You blast the two-headed ogre.
You peck the two-headed ogre, but do no damage.
The two-headed ogre is heavily wounded.
The two-headed ogre hits you with a +0 giant spiked club!!
The two-headed ogre barely misses you.
You are too injured to fight recklessly!
You are too injured to fight recklessly!
You hit the two-headed ogre.
You blast the two-headed ogre.
You claw the two-headed ogre.
You peck the two-headed ogre, but do no damage.
The two-headed ogre is severely wounded.
The two-headed ogre is no longer more vulnerable to fire.
The two-headed ogre hits you with a +0 giant spiked club!!!
Ouch! That really hurt!
You die...

.......# #..# ###.Z#..#..>.#..
######.###..# #....#Y.....##.#
.....#......#######.###Z#O#..##..
.....#.....##...##Z##.##.###...#.
.....'.....#....###..###...#.#.#.
######.....#....# #......##..#...
######.....#....#####.##..##.##.#
.....#.....#.....##....#.#.....#.
.....#.....#....@O.##.#.###..###
.....#######....####.)#....###
.....##..........##.####.###
.....##..........#### ###
.....##..............
.....#######'###+#### .....####
#......... ......... #.####..##
.<....... #.####..#


You could see a two-headed ogre.

Vanquished Creatures
  A two-headed ogre (D:9)
  A skeletal warrior (D:7)
  Pikel (D:8)
  A deep elf pyromancer (D:9)
  A manticore (D:7)
  A cyclops (D:7)
  Joseph (D:8)
  A gargoyle (D:7)
  Psyche (D:8)
  2 hornets
  4 trolls
  A slime creature (D:7)
  Sigmund (D:2)
  A yak (D:10)
  3 shadows
  A wraith (D:7)
  A wyvern (D:9)
  A vampire mosquito (D:7)
  A steam dragon (D:5)
  2 water moccasins (D:7)
  6 orc warriors
  2 ice beasts
  2 sky beasts (D:7)
  2 black bears
  4 ogres
  3 centaurs (D:7)
  3 phantoms
  3 kobold brigands
  3 bullfrogs
  3 scorpions
  4 wights (D:7)
  A troll zombie (D:10)
  7 howler monkeys
  A crimson imp (D:7)
  5 jellies
  5 hounds
  7 orc priests
  2 gnoll shamans
  Jessica (D:2)
  14 orc wizards
  4 iguanas
  4 ogre zombies (D:10)
  11 gnolls
  6 adders
  3 shadow imps
  2 white imps
  2 ufetubi
  4 worms
  A dart slug (D:1)
  37 orcs
  6 ball pythons
  2 bats (D:3)
  6 endoplasms
  4 giant cockroaches
  5 goblins
  3 hobgoblins
  7 quokkas
  4 frilled lizards
  2 goblin skeletons (D:10)
  3 goblin zombies (D:10)
  A hobgoblin skeleton (D:10)
  9 kobolds
  An orc skeleton (D:10)
  8 orc zombies (D:10)
  6 rats
246 creatures vanquished.

Vanquished Creatures (collateral kills)
  21 foxfires (D:1)
21 creatures vanquished.

Vanquished Creatures (others)
  2 orc wizards (D:10)
  486 foxfires
  44 plants
532 creatures vanquished.

Grand Total: 799 creatures vanquished

Notes
Turn   | Place    | Note
-------+----------+-------------------------------------------
     0 | D:1      | kae the Tengu Fire Elementalist began the quest for the
                  | Orb.
     0 | D:1      | Reached XP level 1. HP: 10/10 MP: 4/4
   495 | D:1      | Reached XP level 2. HP: 15/15 MP: 3/6
   659 | D:1      | Found a faded altar of an unknown god.
  1170 | D:1      | Reached skill level 2 in Conjurations
  1510 | D:2      | Reached skill level 1 in Armour
  1517 | D:2      | Reached XP level 3. HP: 20/20 MP: 3/7
  1899 | D:2      | Learned a level 2 spell: Scorch
  1964 | D:2      | Reached skill level 1 in Fighting
  2522 | D:2      | Noticed Jessica
  2530 | D:2      | Killed Jessica
  2531 | D:2      | Reached XP level 4. HP: 23/25 MP: 3/8
  2593 | D:2      | Noticed Sigmund
  3252 | D:2      | Killed Sigmund
  3253 | D:2      | Reached skill level 3 in Conjurations
  3253 | D:2      | Gained mutation: Your magical nature lets you fly swiftly
                  | and evasively. [Tengu growth]
  3253 | D:2      | Reached XP level 5. HP: 30/30 MP: 4/10
  3253 | D:2      | Reached XP level 6. HP: 35/35 MP: 4/11
  3738 | D:2      | Identified a scroll of acquirement
  3738 | D:2      | Acquired a staff of conjuration
  4975 | D:3      | Identified the +9 short sword of the Forging Gods {pain,
                  | rC+}
  5049 | D:3      | Found the +4 moon troll leather armour {Spirit, Regen++
                  | MP+5}
  5498 | D:4      | Found an iron altar of Okawaru.
  5625 | D:4      | Found Doboff's Magic Scroll Boutique.
  5648 | D:4      | Bought a scroll of teleportation for 42 gold pieces
  5648 | D:4      | Bought a scroll of blinking for 105 gold pieces
  5648 | D:4      | Bought a scroll of identify for 28 gold pieces
  5727 | D:4      | Reached skill level 1 in Staves
  5727 | D:4      | Reached skill level 1 in Evocations
  5727 | D:4      | Reached XP level 7. HP: 31/40 MP: 3/12
  6098 | D:5      | Entered Level 5 of the Dungeon
  6098 | D:5      | Found a staircase to the Ecumenical Temple.
  6114 | D:5      | Reached skill level 4 in Conjurations
  6251 | D:5      | Reached skill level 1 in Shields
  6265 | Temple   | Entered the Ecumenical Temple
  6378 | Temple   | Became a worshipper of Sif Muna the Loreminder
  6418 | D:5      | Found Hanusch's Assorted Antiques.
  6732 | D:5      | Bought a scroll labelled HUITSA ALIE for 20 gold pieces
  6732 | D:5      | Bought a dark potion for 18 gold pieces
  6732 | D:5      | Bought a scroll of identify for 40 gold pieces
  6758 | D:5      | Reached XP level 8. HP: 46/46 MP: 14/14
  6933 | D:5      | Found an ornate altar of the Wu Jian Council.
  7112 | D:5      | Found a white marble altar of Elyvilon.
  7464 | D:5      | Reached skill level 5 in Fire Magic
  7641 | D:5      | Reached skill level 5 in Conjurations
  7980 | D:6      | Reached * piety under Sif Muna
  7986 | D:6      | Reached XP level 9. HP: 48/52 MP: 15/16
  8206 | D:6      | Found a snail-covered altar of Cheibriados.
  8207 | D:6      | Found an opulent altar of Gozag.
  8711 | D:7      | Reached skill level 5 in Dodging
  8764 | D:7      | Found a radiant altar of Vehumet.
  9036 | D:7      | Found a shimmering altar of Xom.
  9036 | D:7      | Found a burning altar of Makhleb.
  9463 | D:7      | Noticed a hornet
  9473 | D:7      | Noticed a skeletal warrior
  9476 | D:7      | Noticed a troll
  9501 | D:6      | Learned a level 3 spell: Conjure Flame
  9505 | D:6      | Learned a level 3 spell: Inner Flame
  9510 | D:6      | Learned a level 4 spell: Flame Wave
  9530 | D:7      | Paralysed by a hornet for 3 turns
  9674 | D:6      | Killed a hornet
  9675 | D:6      | Reached skill level 6 in Conjurations
  9786 | D:7      | Identified the amulet "Abiene" {Faith Rampage Int+4}
  9880 | D:7      | Reached ** piety under Sif Muna
  9979 | D:7      | Reached skill level 5 in Armour
 10001 | D:7      | Reached XP level 10. HP: 58/58 MP: 13/18
 10085 | D:7      | Noticed a cyclops
 10099 | D:7      | Reached skill level 5 in Spellcasting
 10099 | D:7      | Killed a cyclops
 10250 | D:7      | Noticed a rakshasa
 10270 | D:7      | Reached skill level 5 in Fighting
 10353 | D:7      | Reached skill level 7 in Conjurations
 10549 | D:7      | Killed a skeletal warrior
 10550 | D:7      | Reached skill level 5 in Staves
 10883 | D:7      | Noticed a gargoyle
 10932 | D:7      | Noticed a manticore
 11504 | D:7      | Killed a gargoyle
 11536 | D:7      | Killed a manticore
 11537 | D:7      | Reached XP level 11. HP: 62/64 MP: 14/20
 11689 | D:8      | Paralysed by a hornet for 3 turns
 11703 | D:7      | HP: 3/64 [poisoned by a hornet]
 12171 | D:8      | Noticed Joseph
 12188 | D:8      | Killed Joseph
 12189 | D:8      | Reached skill level 5 in Evocations
 12718 | D:8      | Noticed Psyche
 12736 | D:8      | Killed Psyche
 12876 | D:8      | Noticed Pikel
 12912 | D:8      | Killed Pikel
 13147 | D:8      | Reached *** piety under Sif Muna
 13438 | D:9      | Found Vowoulemi's Jewellery Shop.
 13439 | D:9      | Found a transporter.
 13551 | D:9      | Reached skill level 8 in Conjurations
 13728 | D:9      | Noticed a two-headed ogre
 13739 | D:9      | Killed a two-headed ogre
 14083 | D:9      | Found a transporter.
 14089 | D:9      | Found a transporter.
 14109 | D:9      | Found a transporter.
 14111 | D:9      | Found a transporter.
 14544 | D:9      | Found a stormy altar of Qazlal.
 14634 | D:9      | Found a transporter.
 14639 | D:9      | Noticed a deep elf pyromancer
 14648 | D:9      | Killed a deep elf pyromancer
 14779 | D:10     | Entered Level 10 of the Dungeon
 14918 | D:10     | Found a shadowy altar of Dithmenos.
 15074 | D:10     | Noticed PeterMcNeter's ghost (journeyman GrFi)
 15075 | D:10     | Found a transporter.
 15075 | D:10     | Identified the +8 dire flail "Jedwaoq" {freeze, *Rage rElec
                  | rF+ rN+ Str+5}
 15075 | D:10     | Noticed a two-headed ogre
 15075 | D:10     | Noticed a two-headed ogre
 15077 | D:10     | Noticed a two-headed ogre
 15080 | D:10     | Found a transporter.
 15224 | D:10     | Found a staircase to the Orcish Mines.
 15474 | D:10     | Noticed a two-headed ogre
 15491 | D:10     | Reached **** piety under Sif Muna
 15593 | D:10     | Mangled by a two-headed ogre

Illustrated notes

Levels and vault maps discovered:
D:1:      dpeg_arrival_boxes_within_box, layout_loops_cross, serial_bayou,
          serial_bayou_pond_d, serial_bayou_shore_a, serial_bayou_pond_d,
          serial_bayou_pond_a, serial_bayou_lagoon_a, serial_bayou_crossing,
          ebering_ecumenical_altar_ruins
D:2:      layout_basic, uniq_jessica, uniq_sigmund
D:3:      layout_basic
D:4:      layout_rooms, okawaru_ov_weapons_minmay, serial_shops,
          nicolae_shop_waterfront, abandoned_shop, minmay_cut_off
D:5:      layout_cave_pools, general_overflow_altar, lemuel_tele_altar,
          minmay_temple_entry_sparse_star, serial_shops, shop,
          serial_park_tiny_pond
D:6:      layout_gridville, mainiacjoe_overflow_divided_tiny,
          kennysheep_generic_room_2
D:7:      nzn_winding_woodlands_large [nzn_winding_woodlands_5x5_cross,
          nzn_winding_woodlands_5x15_split_checker,
          nzn_winding_woodlands_5x5_open_star,
          nzn_winding_woodlands_center_pierced_h,
          nzn_winding_woodlands_15x15_five_gardens,
          nzn_winding_woodlands_center_lodge,
          nzn_winding_woodlands_5x5_closed_star,
          nzn_winding_woodlands_5x15_default,
          nzn_winding_woodlands_5x5_default], layout_gridville,
          grunt_temple_overflow_champion_of_chaos, vehumet_crystals
D:8:      layout_basic, grunt_ministairs_15, uniq_joseph, uniq_pikel,
          uniq_psyche
D:9:      layout_gridville, mainiacjoe_overflow_paths, serial_shops,
          nicolae_stop_n_shop_2, serial_nicolae_subway,
          nicolae_sub_station_stone, nicolae_sub_station_metal,
          nicolae_sub_station_crystal
D:10:     minmay_flawed_box, layout_stronghold,
          mainiacjoe_overflow_six_doors_small, zombieorc1_lemuel,
          gammafunk_ghost_smash
Temple:   hc_temple_tempest_star

Skill      XL: |  1  2  3  4  5  6  7  8  9 10 11 |
---------------+----------------------------------+-----
Conjurations   | 2 3 4 5 6 7 8 |  8.4
Armour         | 1 2 3 4 5 6 |  6.9
Fighting       | 1 2 3 4 5 6 |  6.3
Dodging        | 3 4 5 6 7 |  7.3
Fire Magic     | 4 5 6 7 |  7.6
Spellcasting   | 3 4 5 6 |  6.4
Staves         | 1 2 3 4 5 6 |  6.2
Evocations     | 1 2 3 4 5 |  5.7
Shields        | 1 2 3 4 |  4.0
Stealth        | |  2.0
Invocations    | |  0.5

Action                   |  1- 3 |  4- 6 |  7- 9 | 10-12 || total
-------------------------+-------+-------+-------+-------++-------
Melee: Unarmed           |    25 |       |       |       ||    25
       Kick              |     8 |    14 |    55 |    97 ||   174
       Peck              |     5 |     7 |    30 |    59 ||   101
       Staff             |       |    41 |   146 |   264 ||   451
 Cast: Foxfire           |    78 |    53 |    87 |    78 ||   296
       Scorch            |       |    15 |    89 |   106 ||   210
       Conjure Flame     |       |       |     4 |     7 ||    11
       Inner Flame       |       |       |       |     6 ||     6
       Flame Wave        |       |       |       |     1 ||     1
  Use: Scroll            |     3 |     6 |    10 |     6 ||    25
       Potion            |       |     1 |     1 |     3 ||     5
 Stab: Distracted        |     1 |       |       |       ||     1
       Sleeping          |       |       |     1 |     1 ||     2
Armor: Robe              |     1 |     5 |       |       ||     6
       Troll leather arm |       |    12 |    75 |   133 ||   220
Dodge: Dodged            |    21 |    45 |   223 |   312 ||   601
Block: Buckler           |       |     6 |    83 |   122 ||   211

Table legend: (Time is in decaauts)
 A = Elapsed time spent in this place.
 B = Non-inter-level travel time spent in this place.
 C = Inter-level travel time spent in this place.
 D = Time resting spent in this place.
 E = Time spent auto-exploring this place.
 F = Levels seen in this place.
 G = Mean time per level.
                   A        B        C        D        E       F      G
               +--------+--------+--------+--------+--------+-----+--------+
         Total |  15073 |  14629 |    444 |   2269 |   9593 |  11 | 1370.3 |
       Dungeon |  14959 |  14537 |    422 |   2269 |   9509 |  10 | 1495.9 |
        Temple |    114 |     93 |     21 |      0 |     83 |   1 |  114.0 |
               +--------+--------+--------+--------+--------+-----+--------+

Top non-repeatable levels by time:
     D:7: 2749 daAuts
     D:1: 2106 daAuts
     D:2: 2095 daAuts
     D:8: 1551 daAuts
     D:6: 1296 daAuts
     D:3: 1221 daAuts
     D:9: 1173 daAuts
     D:5: 1160 daAuts
     D:4: 839 daAuts
    D:10: 766 daAuts
  Temple: 114 daAuts
